 Dungeon Crawl Stone Soup version 0.31-a0-986-g5e6e4ef867 (webtiles) character file.

Game seed: 4589933696896301735

2603 Crabhammer the Martial Artist (level 9, 0/53 HPs)
             Began as an Octopode Shapeshifter on Nov 23, 2023.
             Slain by a hornet (8 damage)
             ... on level 7 of the Dungeon.
             The game lasted 00:26:08 (6741 turns).

Crabhammer the Martial Artist (OpSh)                Turns: 6741, Time: 00:26:10

Health: 0/53       AC:  1    Str: 13    XL:     9   Next: 59%
Magic:  9/9        EV: 13    Int: 13    God:
Gold:   336        SH:  0    Dex: 15    Spells: 8/8 levels left

rFire   + .          .
                       - Unarmed
rCold   . . .        B - melded +2 buckler
rNeg    . . .        (helmet restricted)
rPois   .            (no amulet)
rElec   .            v - ring of protection from fire
rCorr   .            C - ring of wizardry
SInv    .            (no ring)
Will    .....        (no ring)
Stlth   +            (no ring)
HPRegen 0.28/turn    (no ring)
MPRegen 0.11/turn    (no ring)
                     (no ring)

%: wizardry (x1)
@: lethally poisoned (0 -> -5), flux-form, glowing
A: glow, contaminating, almost no armour, amphibious, 8 rings, camouflage 1,
gelatinous body 1, (nimble swimmer 1), tentacles
a: Begin Untransformation


You were on level 7 of the Dungeon.
You were something dangerously unstable.
You visited 2 branches of the dungeon, and saw 8 of its levels.

You collected 386 gold pieces.
You spent 50 gold pieces at shops.

Inventory:

Missiles
 f - 2 javelins
 j - 8 boomerangs (quivered)
 o - 15 poisoned darts
 p - 7 atropa-tipped darts
Armour
 B - a +2 buckler (melded)
Jewellery
 v - a ring of protection from fire (left tentacle)
 C - a ring of wizardry (right tentacle)
 F - an amulet of the acrobat
Talismans
 b - a beast talisman
 c - a flux talisman (active)
Wands
 x - a wand of polymorph (11)
 D - a wand of digging (5)
Scrolls
 g - 4 scrolls of teleportation
 h - 2 scrolls of blinking
 k - 3 scrolls of fog
 n - a scroll of poison {unknown}
 q - a scroll of fear {unknown}
 r - 3 scrolls of enchant armour
 t - a scroll of vulnerability {unknown}
 u - 3 scrolls of noise {unknown}
 y - a scroll of revelation {unknown}
 A - a scroll of butterflies {unknown}
 G - a scroll of identify
Potions
 a - 2 potions of lignification
 d - 2 potions of mutation
 e - 3 potions of curing
 i - a potion of resistance
 l - a potion of berserk rage
 m - 2 potions of brilliance
 s - a potion of heal wounds
 w - a potion of magic
 z - a potion of haste
 E - a potion of degeneration {unknown}


   Skills:
 - Level 1.0 Fighting
 - Level 2.0 Dodging
 - Level 11.0 Unarmed Combat
 + Level 7.2 Shapeshifting


You had 8 spell levels left.
You didn't know any spells.
Your spell library contained the following spells:

 Spells                   Type           Power      Damage    Failure   Level
 Shock                    Conj/Air       0%         1d3       12%         1
 Dazzling Flash           Conj/Hex       0%         N/A       34%         3
 Swiftness                Air            0%         N/A       34%         3
 Tukima's Dance           Hex            0%         N/A       34%         3
 Volatile Blastmotes      Fire/Tloc      0%         2d10      34%         3
 Airstrike                Air            0%         2d(0-16)  73%         4
 Anguish                  Hex/Necr       0%         N/A       73%         4
 Cause Fear               Hex            0%         N/A       73%         4
 Dimensional Bullseye     Hex/Tloc       0%         N/A       73%         4
 Iskenderun's Mystic Bla  Conj/Tloc      0%         2d3       73%         4
 Starburst                Conj/Fire      0%         6d3       100%        6
 Enfeeble                 Hex            0%         N/A       100%        7
 Maxwell's Capacitive Co  Air            0%         ∞         100%        8


Dungeon Overview and Level Annotations

Branches:
Dungeon (7/15)             Temple (1/1) D:4

Altars:
Cheibriados
Dithmenos
Elyvilon
Gozag
Hepliaklqana
Makhleb
Nemelex Xobeh
Okawaru
Qazlal
Trog
Uskayaw
Xom
Yredelemnul
Zin
The Shining One

Shops:
D:3 !   D:7 ([!=

Annotations:
D:6 2 runed translucent doors, wireframewife's ghost, novice GnHs


Innate Abilities, Weirdness & Mutations

You are something dangerously unstable.
You glow with magical radiation, making you easy to see and hit.
Foes you strike become dangerously contaminated with magical radiation.
You are incapable of wielding weapons or throwing items.
You cannot wear most types of armour.
You are amphibious.
You can wear up to eight rings at the same time.
Your skin changes colour to match your surroundings (Stealth+).
Your rubbery body absorbs attacks. (AC +1, EV +1)
((You are camouflaged when in or above water. (Stealth+)))
You have tentacles for arms and can constrict up to eight enemies at once.


Message History

The hornet is moderately wounded.
You constrict the hornet, but do no damage.
The hornet stings you!
You feel yourself slow down.
You tentacle-slap the hornet.
The hornet glows dangerously bright.
The hornet is heavily wounded.
You constrict the hornet, but do no damage.
The hornet closely misses you. The hornet stings you.
You suddenly lose the ability to move!
You lose your grip on the hornet.
You feel yourself speed up. The hornet stings you!
You feel yourself slow down.
You feel yourself speed up. The hornet stings you.
You are poisoned.
You feel yourself slow down. The hornet stings you.
You are lethally poisoned!
You feel as though you will be slow longer.
You can move again.
You feel better. The hornet misses you. The hornet barely misses you.
You tentacle-slap the hornet but do no damage.
The hornet shudders as magic cascades through it!
The hornet twists and deforms.
Your grab misses the hornet.
The hornet is severely wounded.
You feel yourself speed up. The hornet completely misses you.
The hornet stings you.
You shrug off the repeated paralysis!
You closely miss the hornet. You grab the hornet. You squeeze the hornet.
The hornet is severely wounded.
You constrict the hornet. The hornet stings you!
* * * LOW HITPOINT WARNING * * *
You are poisoned.
You feel yourself slow down.
Unknown command.
You tentacle-slap the hornet.
The hornet begins to glow.
The hornet is almost dead.
You feel yourself speed up.
You constrict the hornet.
* * * LOW HITPOINT WARNING * * *
You feel very sick. The hornet stings you!
You die...

#.....# #....###
#...#..# ##..#.##
#..#.######.#
#..#<.......#
#.)...########
######.............
#..(?yp....########
#.#####.#.## #.#.#
..... #######


You could see a hornet (contam, misshapen).

Vanquished Creatures
  Prince Ribbit (D:5)
  Grinder (D:5)
  Sigmund (D:5)
  Menkaure (D:5)
  2 water moccasins (D:5)
  An ice beast (D:6)
  A centaur (D:5)
  2 phantoms (D:6)
  3 bullfrogs (D:7)
  6 scorpions
  2 electric eels (D:7)
  2 hounds
  3 jellies
  3 orc priests
  Jessica (D:2)
  4 iguanas
  6 orc wizards
  Terence (D:2)
  3 gnolls (D:2)
  5 adders
  2 white imps
  5 worms
  A dart slug (D:3)
  23 orcs
  6 endoplasms
  5 giant cockroaches
  4 goblins
  5 hobgoblins
  4 jackals (D:4)
  2 quokkas
  4 ball pythons
  6 bats
  4 frilled lizards
  7 kobolds
  7 rats
134 creatures vanquished.

Notes
Turn   | Place    | Note
-------+----------+-------------------------------------------
     0 | D:1      | Crabhammer the Octopode Shapeshifter began the quest for
                  | the Orb.
     0 | D:1      | Reached XP level 1. HP: 13/13 MP: 1/1
   284 | D:1      | Reached XP level 2. HP: 17/18 MP: 2/2
   460 | D:1      | Found a faded altar of an unknown god.
   876 | D:2      | Noticed Jessica
   882 | D:2      | Killed Jessica
   883 | D:2      | Reached skill level 4 in Unarmed Combat
   883 | D:2      | Reached XP level 3. HP: 17/23 MP: 3/3
   981 | D:2      | Noticed Terence
   997 | D:2      | Killed Terence
   998 | D:2      | Reached XP level 4. HP: 13/28 MP: 4/4
  1126 | D:2      | Reached skill level 5 in Unarmed Combat
  1644 | D:2      | Reached XP level 5. HP: 23/33 MP: 5/5
  1920 | D:3      | Found Qiva's Distillery.
  1944 | D:2      | HP: 1/33 [something (4)]
  2191 | D:3      | Reached skill level 6 in Unarmed Combat
  2803 | D:4      | Reached XP level 6. HP: 38/38 MP: 6/6
  2951 | D:4      | Reached skill level 7 in Unarmed Combat
  3239 | D:4      | Found a staircase to the Ecumenical Temple.
  3281 | Temple   | Entered the Ecumenical Temple
  3569 | D:5      | Entered Level 5 of the Dungeon
  3626 | D:5      | Noticed Menkaure
  3758 | D:5      | Killed Menkaure
  3759 | D:5      | Reached XP level 7. HP: 34/43 MP: 7/7
  3914 | D:5      | Noticed Grinder
  3921 | D:5      | Killed Grinder
  3922 | D:5      | Reached skill level 8 in Unarmed Combat
  4137 | D:5      | Reached skill level 9 in Unarmed Combat
  4137 | D:5      | Reached XP level 8. HP: 45/48 MP: 8/8
  4163 | D:5      | Noticed Sigmund
  4264 | D:5      | Noticed Prince Ribbit
  4284 | D:5      | Killed Prince Ribbit
  4715 | D:5      | Reached skill level 10 in Unarmed Combat
  4907 | D:5      | Found a hazy altar of Hepliaklqana.
  5265 | D:6      | Found a large runed translucent door.
  5265 | D:6      | Found a large runed translucent door.
  5266 | D:6      | Noticed wireframewife's ghost (novice GnHs)
  5326 | D:6      | Reached skill level 5 in Shapeshifting
  5326 | D:6      | Reached XP level 9. HP: 47/53 MP: 9/9
  5326 | D:6      | Found a sparkling altar of Nemelex Xobeh.
  5501 | D:5      | Killed Sigmund
  5502 | D:5      | Reached skill level 11 in Unarmed Combat
  5947 | D:6      | Noticed a moth of wrath
  5950 | D:6      | Found a bloodstained altar of Trog.
  6035 | D:6      | Identified the +5 falchion "Jane" {pain, Will+ Int+2 Dex+2
                  | Stlth-}
  6282 | D:7      | Identified the "Hiesamet"
  6283 | D:7      | Found Utogotib's Antique Weapon Emporium.
  6283 | D:7      | Found Mucvuness's Antique Armour Shoppe.
  6288 | D:7      | Found Usaosukk's Distillery.
  6290 | D:7      | Found Xaur's Jewellery Emporium.
  6298 | D:7      | HP: 1/53 [electric eel/bolt of electricity (10)]
  6303 | D:7      | Bought a potion of heal wounds for 50 gold pieces
  6504 | D:7      | Noticed a manticore
  6731 | D:7      | Noticed a hornet
  6735 | D:7      | Paralysed by a hornet for 3 turns
  6741 | D:7      | Slain by a hornet

Illustrated notes

Levels and vault maps discovered:
D:1:      dpeg_chamrin_arrival_tetris, layout_loops_corners,
          ebering_ecumenical_altar_sacrificial, serial_bayou_ford_a,
          chequers_serial_rivers_micro_c, hangedman_glass_teeth,
          wad_woods_river_04
D:2:      layout_basic, minmay_misc_feat_plants, nicolae_twisty_statue_hallways,
          uniq_jessica, uniq_terence
D:3:      layout_rooms, serial_shops, nicolae_shop_statue_plus,
          kennysheep_cluttered_room
D:4:      layout_cave_pools, minmay_temple_entry_statues_pillars
D:5:      layout_basic, lemuel_coloured_pillars_altar, uniq_menkaure,
          uniq_prince_ribbit1, uniq_sigmund, uniq_grinder
D:6:      layout_basic, tgw_trog, mainiacjoe_overflow_tiny_flanked,
          ebering_ghost_disaster_area, uniq_crazy_yiuf_cottage
D:7:      layout_loops_ring, grunt_temple_overflow_magic_moments,
          hangedman_abyss_or_decor_stagger, nrook_loot_triangle,
          nicolae_wooded_promenade
Temple:   minmay_temple_bridge_abc

Skill      XL: |  1  2  3  4  5  6  7  8  9 |
---------------+----------------------------+-----
Unarmed Combat | 4 5 6 7 9 10 11 | 11.0
Shapeshifting  | 5 7 |  7.2
Fighting       | |  1.0
Dodging        | |  2.0

Action                     |  1- 3 |  4- 6 |  7- 9 || total
---------------------------+-------+-------+-------++-------
  Melee: Unarmed           |    31 |   133 |   142 ||   306
         Constrict         |     5 |    35 |    29 ||    69
         Tentacles         |     6 |    23 |    36 ||    65
         Punch             |       |     6 |    11 ||    17
  Throw: Boomerang         |     5 |     3 |       ||     8
    Use: Potion            |       |     1 |     3 ||     4
         Scroll            |       |     4 |     8 ||    12
   Stab: Sleeping          |     3 |     6 |     3 ||    12
 Armour: Skin              |    14 |    63 |    63 ||   140
  Dodge: Dodged            |    12 |    63 |    57 ||   132
  Block: Buckler           |       |       |     4 ||     4
   Form: Flux              |       |       |     2 ||     2

Table legend: (Time is in decaauts)
 A = Elapsed time spent in this place.
 B = Non-inter-level travel time spent in this place.
 C = Inter-level travel time spent in this place.
 D = Time resting spent in this place.
 E = Time spent auto-exploring this place.
 F = Levels seen in this place.
 G = Mean time per level.
                   A        B        C        D        E       F      G
               +--------+--------+--------+--------+--------+-----+--------+
         Total |   6715 |   6258 |    457 |   1579 |   2831 |   8 |  839.4 |
       Dungeon |   6653 |   6214 |    439 |   1579 |   2806 |   7 |  950.4 |
        Temple |     62 |     44 |     18 |      0 |     25 |   1 |   62.0 |
               +--------+--------+--------+--------+--------+-----+--------+

Top non-repeatable levels by time:
     D:5: 1565 daAuts
     D:2: 1253 daAuts
     D:6: 896 daAuts
     D:1: 870 daAuts
     D:4: 825 daAuts
     D:3: 786 daAuts
     D:7: 455 daAuts
  Temple: 62 daAuts
